 Dungeon Crawl Stone Soup version 0.25-a0-458-g6fc7858b95 (webtiles) character file.

Game seed: 9800835444897436530, levelgen mode: deterministic

1078 funkygono the Cudgeler (level 8, -1/70 HPs)
             Began as a Minotaur Fighter on Feb 1, 2020.
             Slain by an orc warrior
             ... wielding a +0 flail
              (8 damage)
             ... on level 6 of the Dungeon.
             The game lasted 00:08:22 (3409 turns).

funkygono the Cudgeler (Minotaur Fighter)           Turns: 3409, Time: 00:08:23

Health: -1/70      AC: 10    Str: 22    XL:     8   Next: 8%
Magic:  7/7        EV:  9    Int:  5    God:
Gold:   229        SH: 11    Dex: 11    Spells: 7/7 levels left

rFire    . . .     SeeInvis .   a - +5 whip
rCold    . . .     Gourm    .   c - +1 shield
rNeg     . . .     Faith    .   b - +0 scale mail
rPois    .         Spirit   .   (helmet restricted)
rElec    .         Reflect  .   u - +0 cloak
rCorr    .         Harm     .   s - +0 pair of gloves
MR       .....                  (no boots)
Stlth    ..........             (no amulet)
HPRegen  0.21/turn              r - ring of flight
MPRegen  0.10/turn              (no ring)

@: no status effects
A: retaliatory headbutt, horns 2
a: Evoke Flight


You were on level 6 of the Dungeon.
You were not hungry.

You visited 1 branch of the dungeon, and saw 6 of its levels.

You collected 229 gold pieces.

Inventory:

Hand Weapons
 a - a +5 whip (weapon)
 j - a +0 hunting sling
Missiles
 k - 101 stones (quivered)
 q - 49 sling bullets
Armour
 b - a +0 scale mail (worn)
 c - a +1 shield (worn)
 s - a +0 pair of gloves (worn)
 u - a +0 cloak (worn)
Jewellery
 r - a ring of flight (left hand)
Wands
 m - a wand of iceblast (6)
Scrolls
 n - 3 scrolls of remove curse
 v - 2 scrolls of teleportation
Potions
 d - 2 potions of might
 e - a potion of brilliance
 h - a potion of haste {unknown}
 i - 2 potions of invisibility
 l - 3 potions of curing
 o - 5 potions of heal wounds
 p - a potion of berserk rage
Comestibles
 f - 6 rations


   Skills:
 + Level 5.8 Fighting
 + Level 7.2 Maces & Flails
 + Level 6.4 Armour
 + Level 2.9 Dodging
 + Level 0.5 Stealth
 + Level 5.6 Shields


You had 7 spell levels left.
You didn't know any spells.
Your spell library was empty.

Dungeon Overview and Level Annotations

Branches:
Dungeon (6/15)
 Temple: D:4-7

Altars:
Ashenzari
Cheibriados
Fedhas
Kikubaaqudgha
Okawaru
Trog
Uskayaw
Zin
The Shining One

Shops:
D:5 (


Innate Abilities, Weirdness & Mutations

You reflexively headbutt those who attack you in melee.
You have a pair of horns on your head.


Message History

The orc warrior is heavily wounded.
You hit the orc warrior.
The orc warrior is heavily wounded.
The orc warrior hits you but does no damage.
You hit the orc warrior. Your headbutt misses the orc warrior.
The orc warrior is severely wounded.
The orc warrior hits you but does no damage.
You hit the orc warrior.
The orc warrior is almost dead.
You barely miss the orc warrior. Your headbutt misses the orc warrior.
The orc warrior is almost dead.
The orc warrior hits you with a +0 flail!
* * * LOW HITPOINT WARNING * * *
There is a stone staircase leading down here.
You hit the orc warrior.
The orc warrior is almost dead.
You hit the orc warrior.
The orc warrior is almost dead.
The orc warrior hits you with a +0 flail!
You die...

..#.#####
#####<#.#...
##.....#.#.###
#............#
#..###+#+#.#.#
#<.##......#.#
#..##......#.#
#..##........#
#@.#######.#.#
#oh.........<#
#.############
#o.......
#o####### #g#
.g# ..g# ....#


You could see an orc warrior, 3 gnolls, 2 orcs and a jackal.

Vanquished Creatures
  The ghost of Tux the Ruffian, a novice VSFi of Makhleb (D:5)
  An ice beast (D:5)
  A bullfrog (D:6)
  A scorpion (D:5)
  A howler monkey (D:4)
  A crimson imp (D:5)
  A centaur zombie (D:5)
  3 orc priests
  A bullfrog skeleton (D:4)
  An orc wizard (D:4)
  An iguana (D:5)
  2 worker ants (D:4)
  A hound skeleton (D:4)
  13 adders
  A river rat (D:5)
  A shadow imp (D:5)
  2 adder skeletons (D:4)
  A worm (D:2)
  2 dart slugs (D:1)
  2 leopard geckos
  8 orcs
  2 ball pythons
  6 bats
  4 giant cockroaches
  2 goblins
  4 hobgoblins
  3 jackals
  9 kobolds
  8 frilled lizards
  2 leopard gecko skeletons
  7 rats
93 creatures vanquished.

Notes
Turn   | Place    | Note
-------+----------+-------------------------------------------
     0 | D:1      | funkygono the Minotaur Fighter began the quest for the Orb.
     0 | D:1      | Reached XP level 1. HP: 19/19 MP: 0/0
    62 | D:1      | Reached XP level 2. HP: 25/27 MP: 1/1
   460 | D:2      | Reached skill level 3 in Maces & Flails
   460 | D:2      | Reached XP level 3. HP: 32/33 MP: 2/2
   763 | D:2      | Found a faded altar of an unknown god.
   981 | D:2      | Found a blossoming altar of Fedhas.
   981 | D:2      | Found an iron altar of Okawaru.
   986 | D:2      | Found a hide-covered altar of Uskayaw.
   991 | D:2      | Found an ancient bone altar of Kikubaaqudgha.
   993 | D:2      | Found a snail-covered altar of Cheibriados.
  1115 | D:2      | Reached XP level 4. HP: 36/40 MP: 3/3
  1923 | D:4      | Reached skill level 1 in Dodging
  2030 | D:4      | Reached XP level 5. HP: 47/47 MP: 4/4
  2052 | D:4      | Reached skill level 4 in Maces & Flails
  2159 | D:4      | Reached skill level 5 in Armour
  2281 | D:4      | Found a glowing silver altar of Zin.
  2286 | D:4      | Reached XP level 6. HP: 49/53 MP: 5/5
  2390 | D:4      | Reached skill level 5 in Maces & Flails
  2646 | D:5      | Entered Level 5 of the Dungeon
  2656 | D:5      | Reached skill level 5 in Fighting
  2665 | D:5      | Found Midisody's Antique Weapon Shop.
  2894 | D:5      | Noticed an ice beast
  2898 | D:5      | Killed an ice beast
  2898 | D:5      | Reached XP level 7. HP: 61/61 MP: 6/6
  2902 | D:5      | Reached skill level 5 in Shields
  2986 | D:5      | Found a runed translucent door.
  2990 | D:5      | Noticed Tux's ghost (novice VSFi)
  3030 | D:5      | Killed Tux's ghost
  3030 | D:5      | Reached skill level 6 in Maces & Flails
  3093 | D:5      | Found a runed translucent door.
  3102 | D:5      | Found a shattered altar of Ashenzari.
  3120 | D:5      | Found a bloodstained altar of Trog.
  3120 | D:5      | Found a glowing golden altar of the Shining One.
  3184 | D:5      | Reached skill level 7 in Maces & Flails
  3184 | D:5      | Reached XP level 8. HP: 60/70 MP: 7/7
  3409 | D:6      | Slain by an orc warrior

Levels and vault maps discovered:
D:1:      dpeg_arrival_erosion, layout_basic, minmay_misc_feat_diagonals,
          hex_large, minmay_misc_feat_ornament
D:2:      layout_basic, chequers_temple_overflow_minitemple, first_ration,
          chequers_ecumenical_altar_island
D:3:      layout_loops_ring, due_unseen_surprise
D:4:      layout_basic, lemuel_round_altar
D:5:      layout_gridville, ashenzari_conservatory_becter,
          nicolae_overflow_hidden_temple, serial_shops, nicolae_shop_stone,
          ebering_ghost_sewer_f, columned_hall_lemuel
D:6:      lemuel_castle_with_subvaults [lemuel_castle_interior_carwin_1],
          layout_basic, vehumet_crystals, lemuel_coloured_pillars_altar,
          minmay_guarded_unrand_staff_of_olgreb

Skill      XL: |  1  2  3  4  5  6  7 |
---------------+----------------------+-----
Fighting       | 4 5 |  5.8
Shields        | 4 5 |  5.6
Maces & Flails | 3 4 5 7 |  7.2
Armour         | 4 5 6 |  6.4
Dodging        | 1 2 |  2.9
Stealth        | |  0.5

Action                   |  1- 3 |  4- 6 |  7- 9 || total
-------------------------+-------+-------+-------++-------
Melee: Flail             |    96 |   131 |    40 ||   267
       Headbutt          |     5 |    21 |    13 ||    39
       Whip              |       |       |    34 ||    34
  Use: Scroll            |     3 |     8 |     1 ||    12
  Eat: Chunk             |     1 |     6 |     1 ||     8
Armor: Scale mail        |    51 |    54 |    19 ||   124
Dodge: Dodged            |    23 |    42 |    12 ||    77
Block: Shield            |    56 |    55 |    26 ||   137

Table legend:
 A = Non-vault XP
 B = Vault XP
 C = Vault XP percentage of total XP
 D = Non-vault monster count
 E = Vault monster count
 F = Vault count percentage of total count
                 A         B        C        D         E       F
            +---------+---------+-------+---------+---------+-------
      Total |    1035 |     505 |  32.8 |      88 |       5 |   5.4
            +---------+---------+-------+---------+---------+-------
        D:1 |      36 |       0 |   0.0 |      19 |       0 |   0.0
        D:2 |      71 |       0 |   0.0 |      23 |       0 |   0.0
        D:3 |      24 |       0 |   0.0 |       8 |       0 |   0.0
        D:4 |     410 |       0 |   0.0 |      23 |       0 |   0.0
        D:5 |     399 |     505 |  55.9 |      12 |       5 |  29.4
        D:6 |      95 |       0 |   0.0 |       3 |       0 |   0.0
            +---------+---------+-------+---------+---------+-------
